 Dungeon Crawl Stone Soup version 0.30-a0-279-g4b46babb21 (webtiles) character file.

Game seed: 3448648610575978125

83 koil the Sneak (level 4, -2/22 HPs)
             Began as a Spriggan Enchanter on Oct 17, 2022.
             Was an Initiate of Okawaru.
             Succumbed to a kobold's poison
             ... on level 2 of the Dungeon.
             The game lasted 00:05:58 (1855 turns).

koil the Sneak (Spriggan Enchanter)                 Turns: 1855, Time: 00:05:58

Health: -2/22      AC:  2    Str:  4    XL:     4   Next: 22%
Magic:  6/9        EV: 18    Int: 16    God:    Okawaru [......]
Gold:   74         SH:  0    Dex: 17    Spells: 6/9 levels left

rFire   . . .      SeeInvis +    a - +1 dagger
rCold   . . .      Faith    .    (no shield)
rNeg    + . .      Spirit   .    n - +0 robe
rPois   .          Reflect  .    (helmet restricted)
rElec   .          Harm     .    (no cloak)
rCorr   .          Rampage  .    (gloves unavailable)
Will    .....                    (boots unavailable)
Stlth   +++.......               (no amulet)
HPRegen 0.23/turn                f - ring of positive energy
MPRegen 0.11/turn                (no ring)

@: lethally poisoned (-2 -> -9), very quick
A: very small, no large weapons, unfitting armour, see invisible, speed 3
a: Renounce Religion


You were on level 2 of the Dungeon.
You worshipped Okawaru.
Okawaru was noncommittal.
You visited 1 branch of the dungeon, and saw 3 of its levels.

You collected 74 gold pieces.

Inventory:

Hand Weapons
 a - a +1 dagger (weapon)
Missiles
 i - 5 poisoned darts (quivered)
 o - 5 atropa-tipped darts
Armour
 b - a +0 robe
 n - a +0 robe (worn)
Jewellery
 f - a ring of positive energy (left hand)
Scrolls
 d - 3 scrolls of enchant armour {unknown}
 e - a scroll of torment {unknown}
 g - 2 scrolls of identify {unknown}
 k - a scroll of blinking {unknown}
 p - a scroll of poison {unknown}
Potions
 c - 2 potions of invisibility
 h - a potion of heal wounds {unknown}
 j - 2 potions of might {unknown}
 l - a potion of flight {unknown}
 m - a potion of curing {unknown}


   Skills:
 + Level 1.0 Fighting
 + Level 1.8 Short Blades
 + Level 3.3 Dodging
 + Level 5.1 Stealth
 + Level 3.2 Spellcasting
 + Level 4.2 Hexes
 + Level 0.8 Necromancy


You had 6 spell levels left.
You knew the following spells:

 Your Spells              Type           Power      Damage    Failure   Level
a - Ensorcelled Hibernat  Hex/Ice        18%        N/A       12%         2
b - Necrotise             Necr           20%        1d5       13%         1

Your spell library contained the following spells:

 Spells                   Type           Power      Damage    Failure   Level
 Confusing Touch          Hex            16%        N/A       10%         3
 Dazzling Flash           Conj/Hex       18%        N/A       22%         3
 Vampiric Draining        Necr           5%         2d6       36%         3
 Agony                    Necr           5%         N/A       98%         5
 Tukima's Dance           Hex            Unusable   N/A       N/A         3

Dungeon Overview and Level Annotations

Branches:
Dungeon (3/15)

Altars:
Fedhas
Gozag
Okawaru
Uskayaw
Xom

Shops:
D:1 (


Innate Abilities, Weirdness & Mutations

You are very small and have problems with some larger weapons.
You are too small for most types of armour.
You have supernaturally acute eyesight. (SInv)
You cover ground extremely quickly. (Speed+++)


Message History

Okawaru accepts your kill. The kobold hits you with a +0 dagger.
The kobold throws a stone.
The stone barely misses you. The kobold hits you but does no damage.
The kobold hits you with a +3 dagger.
* * * LOW HITPOINT WARNING * * *
The kobold barely misses you.
Things that are here:
a +2 short sword of speed; a kobold corpse
Casting: Ensorcelled Hibernation (safe; 12% risk of failure)
Confirm with . or Enter, or press ? or * to list all spells.
Aiming: Ensorcelled Hibernation (safe; 12% risk of failure)
Press: ? - help, Shift-Dir - straight line, f - kobold
Aim: a kobold, wielding a +3 dagger and quivering stones (chance to affect: 61%)
The kobold resists with significant effort.
The kobold completely misses you. The kobold hits you with a +0 dagger.
* * * LOW HITPOINT WARNING * * *
You hit the kobold but do no damage. The kobold closely misses you.
The kobold hits you but does no damage.
You barely miss the kobold. The kobold misses you. x2
You hit the kobold.
The kobold is moderately wounded.
You hit the kobold.
The kobold is heavily wounded.
The kobold hits you but does no damage. The kobold closely misses you.
You hit the kobold but do no damage.
The kobold is heavily wounded.
The kobold hits you with a +3 dagger.
* * * LOW HITPOINT WARNING * * *
The kobold barely misses you.
The kobold throws a stone.
The stone misses you. The kobold completely misses you.
The kobold throws a poisoned dart.
The poisoned dart hits you!
You are lethally poisoned!
There is a stone staircase leading up here.
* * * LOW HITPOINT WARNING * * *
You feel very sick.
The kobold throws a poisoned dart.
The poisoned dart misses you.
You climb upwards.
You die...

....#....#.##.#.....#
....#......##.#.#####
###.##.##..##......#
..............#.##.#
###.##.##.....#.##.#
.........#.#..#.##.#
....#.##.#.#(...##.#
._..#....#.##......##
....######.####.@...#
...........# #####.#
....######## #.#
...##### #[#
...#...#### #.######
..).......# #<.^...#
..........# #....#.#
..........#
#######.##.#.#
..........#
#.......#..#.#


There were no monsters in sight!

Vanquished Creatures
  Jessica (D:2)
  An adder (D:2)
  3 worms (D:2)
  An endoplasm (D:1)
  3 giant cockroaches
  2 hobgoblins
  4 jackals (D:1)
  2 quokkas (D:2)
  A ball python (D:2)
  4 bats
  2 frilled lizards
  5 goblins
  6 kobolds
  5 rats
40 creatures vanquished.

Vanquished Creatures (others)
  A plant (D:2)
1 creature vanquished.

Grand Total: 41 creatures vanquished

Notes
Turn   | Place    | Note
-------+----------+-------------------------------------------
     0 | D:1      | koil the Spriggan Enchanter began the quest for the Orb.
     0 | D:1      | Reached XP level 1. HP: 9/9 MP: 5/5
   236 | D:1      | Found Oxzal's Weapon Shoppe.
   404 | D:1      | Reached XP level 2. HP: 12/13 MP: 6/6
   419 | D:1      | Learned a level 2 spell: Ensorcelled Hibernation
   421 | D:1      | Learned a level 1 spell: Necrotise
   882 | D:2      | Found a shimmering altar of Xom.
  1138 | D:2      | Reached XP level 3. HP: 17/17 MP: 8/8
  1153 | D:2      | Noticed Jessica
  1160 | D:2      | Killed Jessica
  1161 | D:2      | Reached skill level 5 in Stealth
  1214 | D:2      | Found a faded altar of an unknown god.
  1229 | D:2      | Prayed at the altar of an unknown god.
  1229 | D:2      | Became a worshipper of Fedhas Madash
  1229 | D:2      | Reached * piety under Fedhas
  1269 | D:2      | Reached skill level 1 in Fighting
  1288 | D:2      | Reached XP level 4. HP: 14/22 MP: 4/9
  1652 | D:3      | Found a hide-covered altar of Uskayaw.
  1673 | D:3      | Found an opulent altar of Gozag.
  1725 | D:3      | Found an iron altar of Okawaru.
  1758 | D:3      | Fell from the grace of Fedhas
  1758 | D:3      | Became a worshipper of Warmaster Okawaru
  1854 | D:3      | HP: 1/22 [poisoned by a kobold]
  1855 | D:2      | Succumbed to a kobold's poison

Illustrated notes

Levels and vault maps discovered:
D:1:      ncdulo_watergridlock, layout_basic, serial_shops, shop
D:2:      minmay_angry_zag, layout_basic, basic_altar,
          dilly_ecumenical_altar_fadedgnrine, uniq_jessica
D:3:      cheibrodos_fertilizer, layout_basic, good_gods_mini_temple,
          mainiacjoe_overflow_concentric_impassable, nicolae_uskayaw_dance_hall,
          mainiacjoe_overflow_six_doors_small, kennysheep_generic_room_5

Skill      XL: |  1  2  3 |
---------------+----------+-----
Dodging        | 3 |  3.3
Spellcasting   | 3 |  3.2
Hexes          | 4 |  4.2
Stealth        | 5 |  5.1
Fighting       | 1 |  1.0
Short Blades   | |  1.8
Necromancy     | |  0.8

Action                   |  1- 3 |  4- 6 || total
-------------------------+-------+-------++-------
Melee: Dagger            |   100 |    38 ||   138
 Cast: Ensorcelled Hiber |     4 |     4 ||     8
 Stab: Sleeping          |    15 |     2 ||    17
       Distracted        |       |     1 ||     1
Armor: Robe              |    13 |     6 ||    19
Dodge: Dodged            |    56 |    42 ||    98

Table legend: (Time is in decaauts)
 A = Elapsed time spent in this place.
 B = Non-inter-level travel time spent in this place.
 C = Inter-level travel time spent in this place.
 D = Time resting spent in this place.
 E = Time spent auto-exploring this place.
 F = Levels seen in this place.
 G = Mean time per level.
                   A        B        C        D        E       F      G
               +--------+--------+--------+--------+--------+-----+--------+
         Total |   1251 |   1233 |     18 |     29 |    889 |   3 |  417.0 |
       Dungeon |   1251 |   1233 |     18 |     29 |    889 |   3 |  417.0 |
               +--------+--------+--------+--------+--------+-----+--------+

Top non-repeatable levels by time:
     D:2: 589 daAuts
     D:1: 516 daAuts
     D:3: 146 daAuts
